 Dungeon Crawl Stone Soup version 0.26-b1-32-g5d43845318 (webtiles) character file.

Game seed: 7354665960124682630

166 sanka the Gusty (level 5, -5/35 HPs)
             Began as a Barachi Air Elementalist on Jan 9, 2021.
             Slain by an ogre
             ... wielding a +0 giant club
              (30 damage)
             ... on level 3 of the Dungeon.
             The game lasted 00:05:22 (3488 turns).

sanka the Gusty (Barachi Air Elementalist)          Turns: 3488, Time: 00:05:22

Health: -5/35      AC:  4    Str: 10    XL:     5   Next: 47%
Magic:  7/9        EV: 12    Int: 16    God:
Gold:   126        SH:  0    Dex: 12    Spells: 4/10 levels left

rFire    . . .     SeeInvis .   a - +5 long sword
rCold    . . .     Faith    .   (no shield)
rNeg     . . .     Spirit   .   m - +0 robe
rPois    .         Reflect  .   c - +0 helmet
rElec    .         Harm     .   (no cloak)
rCorr    .         Rampage  .   h - +0 pair of gloves
Will     .....                  (no boots)
Stlth    ++........             (no amulet)
HPRegen  0.11/turn              (no ring)
MPRegen  0.11/turn              (no ring)

@: slow
A: +LOS, swims, slowness 1, strong legs 1
a: Hop


You were on level 3 of the Dungeon.
You visited 1 branch of the dungeon, and saw 3 of its levels.

You collected 126 gold pieces.


Innate Abilities, Weirdness & Mutations

You can be seen from farther away. (+LOS)
You can swim through water.
You cover ground slowly.
You can hop short distances.


   Skills:
 - Level 2.1 Dodging
 - Level 1.7 Stealth
 - Level 3.0 Spellcasting
 - Level 4.0 Conjurations
 + Level 4.7 Air Magic


You had 4 spell levels left.
You knew the following spells:

 Your Spells              Type           Power        Failure   Level
s - Swiftness             Air            17%          4%          2
z - Shock                 Conj/Air       64%          3%          1
Z - Static Discharge      Conj/Air       16%          10%         3

Your spell library contained the following spells:

 Spells                   Type           Power        Failure   Level
 Airstrike                Air            8%           26%         4
 Lightning Bolt           Conj/Air       8%           65%         5

Inventory:

Hand Weapons
 a - a +5 long sword (weapon)
 d - a +0 short sword
 i - a +0 whip
 l - a +2 falchion of holy wrath
Armour
 c - a +0 helmet (worn)
 h - a +0 pair of gloves (worn)
 m - a +0 robe (worn)
Jewellery
 o - an uncursed ring of ice
Scrolls
 b - a scroll of fear
 e - 2 scrolls of identify {@r1}
 n - a scroll of remove curse
 p - a scroll of noise {unknown}
Potions
 f - a potion of mutation {unknown}
 g - 2 potions of berserk rage {unknown}
 j - a potion of curing {unknown}
 k - a potion of heal wounds {unknown}
 q - 2 potions of lignification {unknown}
 r - a potion of degeneration {unknown}

Dungeon Overview and Level Annotations

Branches:
Dungeon (3/15)

Altars:
Fedhas

▒▒▒ +.......+.........'.......
▒...▒▒......▒▒.........▒.▒.▒▒▒)
▒+▒.▒.▒▒......▒▒.........▒.▒.▒▒▒.
..[.▒.▒▒......▒▒.........▒.▒.....
o...▒.▒▒......▒▒.........▒.▒.▒▒▒▒
....▒.▒▒......▒▒.........▒.▒▒▒▒▒▒
....▒.▒▒......▒▒.........▒.......
....▒.▒.......▒▒.........▒▒▒▒▒▒▒▒
▒.▒.▒.▒▒▒▒▒▒▒▒F..............▒▒
▒▒▒'▒.)........O.....▒▒........▒
.....▒▒'▒▒▒▒▒▒▒▒▒▒▒▒+▒▒........▒
.....'...▒ ▒.............▒
.....▒...▒ ▒.............▒
.....▒...▒ ▒.......).....▒▒
.....▒...▒ ▒.............▒▒
▒▒▒▒▒▒.).▒ ▒.....▒▒▒▒▒▒▒▒▒▒ ▒...▒
▒▒▒▒▒'▒▒▒▒▒▒▒ ▒


You could see an ogre.


Message History

You open the door.
Found a ring mail.
An orc comes into view. It is wielding a +0 mace.
There is an open door here.
An orc is nearby!
An orc is nearby!
An orc is nearby! 2 orcs and an ogre come into view.
The orc shouts!
An orc comes into view. It is wielding a +0 dagger.
Found a whip.
An orc comes into view. It is wielding a +0 dagger.
There is an open door here.
The ogre closely misses you.
Things that are here:
a +0 hand axe; an orc corpse The ogre misses you.
Aiming: Shock (safe; 3% risk of failure)
The zap hits the ogre.
The ogre is lightly wounded.
The zap hits the ogre.
The ogre is lightly wounded.
The ogre hits you with a +0 giant club!
Aiming: Shock (safe; 3% risk of failure)
The zap misses the ogre.
The zap hits the ogre.
The ogre is moderately wounded.
The ogre hits you with a +0 giant club!!
Ouch! That really hurt!
You die...

Action                   |  1- 3 |  4- 6 || total
-------------------------+-------+-------++-------
Melee: Unarmed           |    14 |       ||    14
       Short sword       |    12 |       ||    12
       Whip              |    11 |     2 ||    13
       Long sword        |       |     8 ||     8
 Cast: Shock             |    57 |    80 ||   137
  Use: Scroll            |     1 |     3 ||     4
 Stab: Sleeping          |     1 |       ||     1
Armor: Robe              |    18 |     8 ||    26
Dodge: Dodged            |    27 |    15 ||    42
       Rpst.: Long sword |       |     6 ||     6

Levels and vault maps discovered:
D:1:      dpeg_arrival_pits, layout_basic
D:2:      layout_loops_ring
D:3:      layout_basic, overflow_temple_1_default, moated_statue

Notes
Turn   | Place    | Note
-------+----------+-------------------------------------------
     0 | D:1      | sanka the Barachi Air Elementalist began the quest for the
                  | Orb.
     0 | D:1      | Reached XP level 1. HP: 13/13 MP: 3/3
    77 | D:1      | Reached skill level 2 in Conjurations
   112 | D:1      | Reached XP level 2. HP: 19/19 MP: 0/5
   791 | D:1      | Reached skill level 3 in Conjurations
  1131 | D:2      | Reached XP level 3. HP: 9/24 MP: 2/6
  1317 | D:1      | Learned a level 2 spell: Swiftness
  1661 | D:2      | Reached skill level 4 in Conjurations
  1661 | D:2      | Reached XP level 4. HP: 30/30 MP: 2/7
  1711 | D:2      | Learned a level 3 spell: Static Discharge
  2493 | D:3      | Found a blossoming altar of Fedhas.
  2952 | D:3      | Reached skill level 3 in Spellcasting
  2952 | D:3      | Reached XP level 5. HP: 35/35 MP: 0/9
  3090 | D:3      | Reached skill level 4 in Air Magic
  3472 | D:3      | Noticed an ogre
  3488 | D:3      | Slain by an ogre

Vanquished Creatures
  An orc wizard (D:3)
  5 adders
  An adder skeleton (D:3)
  A worm (D:2)
  A dart slug (D:1)
  3 leopard geckos
  9 orcs (D:3)
  A ball python (D:1)
  4 bats
  4 giant cockroaches
  10 goblins
  7 hobgoblins
  6 jackals (D:2)
  9 kobolds
  A quokka (D:2)
  3 frilled lizards
  6 rats
72 creatures vanquished.

Table legend: (Time is in decaauts)
 A = Elapsed time spent in this place.
 B = Non-inter-level travel time spent in this place.
 C = Inter-level travel time spent in this place.
 D = Time resting spent in this place.
 E = Time spent auto-exploring this place.
 F = Levels seen in this place.
 G = Mean time per level.
                   A        B        C        D        E       F      G
               +--------+--------+--------+--------+--------+-----+--------+
         Total |   3773 |   3665 |    108 |   1569 |   1675 |   3 | 1257.7 |
       Dungeon |   3773 |   3665 |    108 |   1569 |   1675 |   3 | 1257.7 |
               +--------+--------+--------+--------+--------+-----+--------+

Top non-repeatable levels by time:
     D:1: 1339 daAuts
     D:2: 1236 daAuts
     D:3: 1197 daAuts
